 Dungeon Crawl Stone Soup version 0.20.1-1-g8b1a95d (webtiles) character file.

1414 vomix the Cleaver (level 8, -7/64 HPs)
             Began as a Minotaur Berserker on Aug 13, 2017.
             Was an Elder of Trog.
             Mangled by an orc warrior
             ... wielding a +0 glaive
              (15 damage)
             ... on level 7 of the Dungeon.
             The game lasted 00:13:52 (3249 turns).

vomix the Cleaver (Minotaur Berserker)              Turns: 3249, Time: 00:13:53

Health: -7/64      AC: 11    Str: 23    XL:     8   Next: 43%
Magic:  7/7        EV:  7    Int:  4    God:    Trog [****..]
Gold:   248        SH:  0    Dex: 11    Spells: 7/7 levels left

rFire    . . .     SeeInvis +   a - +0 war axe
rCold    . . .     Gourm    .   (no shield)
rNeg     . . .     Faith    .   i - +0 plate armour
rPois    .         Spirit   .   (helmet restricted)
rElec    .         Reflect  .   (no cloak)
rCorr    .         Harm     .   (no gloves)
MR       .....                  (no boots)
Stlth    ..........             f - amulet of regeneration
Regen    0.6/turn               m - ring of see invisible
MPRegen  0.1/turn               (no ring)

@: berserk cooldown, slowed, very slow
A: retaliatory headbutt, horns 2
a: Berserk, Trog's Hand, Brothers in Arms, Burn Spellbooks, Renounce Religion


You were on level 7 of the Dungeon.
You worshipped Trog.
Trog was greatly pleased with you.
You were very hungry.

You visited 1 branch of the dungeon, and saw 6 of its levels.

You collected 284 gold pieces.
You spent 36 gold pieces at shops.

Inventory:

Hand Weapons
 a - a +0 war axe (weapon)
 o - a +2 hand axe of freezing
Armour
 i - a +0 plate armour (worn)
 r - a +0 scale mail of cold resistance
Jewellery
 f - an amulet of regeneration (around neck)
 m - a ring of see invisible (left hand)
Scrolls
 b - 2 scrolls of noise {unknown}
 e - a scroll of acquirement {unknown}
 k - 2 scrolls of immolation
 p - a scroll of random uselessness {unknown}
 q - 3 scrolls of remove curse
 u - a scroll of amnesia {unknown}
 v - 2 scrolls of magic mapping {unknown}
 w - a scroll of recharging {unknown}
 y - 2 scrolls of fear {unknown}
 z - a scroll of identify
Potions
 d - a potion of heal wounds
 g - 5 potions of mutation
 l - a potion of haste
 n - a potion of degeneration {unknown}
 s - a potion of lignification
 t - a potion of agility {unknown}
 x - 2 potions of curing
Comestibles
 c - 4 bread rations
 h - 2 royal jellies
 j - 5 chunks of flesh


   Skills:
 - Level 3.6 Fighting
 + Level 12.6 Axes
 - Level 2.4 Armour
 - Level 2.1 Dodging


You had 7 spell levels left.
You didn't know any spells.

Dungeon Overview and Level Annotations

Branches:
Dungeon (5/15)             Temple (0/1) D:4

Altars:

Shops:
D:4 ([!


Innate Abilities, Weirdness & Mutations

You reflexively headbutt those who attack you in melee.
You have a pair of horns on your head.


Message History

You hit the orc.
The orc is severely wounded.
The orc warrior hits you but does no damage.
The orc hits you but does no damage.
You barely miss the orc. You headbutt the orc.
You kill the orc!
Trog accepts your kill.
The orc warrior hits you from afar with a glaive!!
You hit the orc.
The orc is moderately wounded.
The orc hits you but does no damage.
The orc warrior hits you but does no damage.
The orc closely misses you.
You completely miss the orc. You headbutt the orc.
You kill the orc!
Trog accepts your kill.
The orc warrior hits you from afar with a glaive!!
* * * LOW HITPOINT WARNING * * *
The orc warrior hits you with a glaive!
You die...

.##.#... .#
...... ..## #
..... ....# #.#
#...#.#.#.#
.(.##...#...#.###
#..............
..##.#...##....#
......o........#
.....##@##..#.##
### #.##.## #
#.##.##.#
#.......#
####.#### #.).#
#...# #...# #...#


You could see an orc warrior.

Vanquished Creatures
  Grinder (D:3)
  An ogre (D:7)
  A phantom (D:5)
  A centaur (D:7)
  A bullfrog (D:7)
  2 scorpions (D:4)
  The ghost of dscm the Ruffian, a weakling DrTm (D:3)
  A crimson imp (D:7)
  A hound (D:7)
  A bullfrog skeleton (D:5)
  3 jellies
  5 orc wizards
  6 worker ants
  Terence (D:3)
  An iguana (D:5)
  A hound skeleton (D:7)
  3 gnolls (D:5)
  7 adders
  10 oozes
  2 worms
  4 dart slugs
  5 leopard geckos
  11 orcs
  A ball python (D:4)
  8 goblins
  6 hobgoblins
  4 jackals
  13 kobolds
  12 bats
  4 frilled lizards
  A leopard gecko skeleton (D:5)
  5 rats
124 creatures vanquished.

Vanquished Creatures (others)
  A fungus (D:3)
  11 toadstools (D:3)
12 creatures vanquished.

Grand Total: 136 creatures vanquished

Notes
Turn   | Place    | Note
-------+----------+-------------------------------------------
     0 | D:1      | vomix the Minotaur Berserker began the quest for the Orb.
     0 | D:1      | Reached XP level 1. HP: 19/19 MP: 0/0
    35 | D:1      | Reached skill level 4 in Axes
    50 | D:1      | Reached XP level 2. HP: 15/26 MP: 1/1
   339 | D:1      | Reached skill level 5 in Axes
   574 | D:1      | Reached XP level 3. HP: 24/31 MP: 2/2
   909 | D:2      | Reached ** piety under Trog
   954 | D:2      | Reached skill level 6 in Axes
   954 | D:2      | Reached XP level 4. HP: 36/39 MP: 3/3
  1659 | D:3      | Noticed dscm's ghost (weakling DrTm)
  1664 | D:3      | Killed dscm's ghost
  1664 | D:3      | Reached skill level 7 in Axes
  1664 | D:3      | Reached XP level 5. HP: 45/45 MP: 4/4
  1693 | D:3      | Noticed Terence
  1701 | D:3      | Killed Terence
  1752 | D:3      | Noticed Grinder
  1754 | D:3      | Paralysed by Grinder for 5 turns
  1769 | D:3      | Killed Grinder
  1769 | D:3      | Reached skill level 8 in Axes
  1769 | D:3      | Reached XP level 6. HP: 51/51 MP: 5/5
  1890 | D:3      | Reached skill level 9 in Axes
  1971 | D:3      | Reached *** piety under Trog
  2005 | D:3      | Reached XP level 7. HP: 53/57 MP: 6/6
  2201 | D:4      | Reached skill level 10 in Axes
  2424 | D:4      | Found a staircase to the Ecumenical Temple.
  2469 | D:4      | Found Dijoilen's Distillery.
  2477 | D:4      | Bought a potion of curing for 36 gold pieces
  2493 | D:4      | Found Pekhom's Weapon Emporium.
  2539 | D:4      | Found Naif's Armour Boutique.
  2731 | D:4      | Reached skill level 11 in Axes
  2834 | D:5      | Entered Level 5 of the Dungeon
  2897 | D:5      | Reached XP level 8. HP: 61/64 MP: 7/7
  2937 | D:5      | Reached **** piety under Trog
  3080 | D:5      | You fall through a shaft for 2 floors!
  3110 | D:7      | Reached skill level 12 in Axes
  3249 | D:7      | Mangled by an orc warrior

Skill      XL: |  1  2  3  4  5  6  7  8 |
---------------+-------------------------+-----
Axes           | 4 5 6 7 8 9 11 12 | 12.6
Fighting       | |  3.6
Armour         | |  2.4
Dodging        | |  2.1

Action                   |  1- 3 |  4- 6 |  7- 9 || total
-------------------------+-------+-------+-------++-------
Melee: Hand axe          |    64 |    27 |       ||    91
       Headbutt          |    13 |     9 |    27 ||    49
       War axe           |       |    47 |   162 ||   209
Invok: Berserk           |     1 |     2 |     1 ||     4
  Use: Scroll            |       |       |     7 ||     7
  Eat: Chunk             |     1 |     5 |     4 ||    10
Armor: Animal skin       |    10 |       |       ||    10
       Leather armour    |     5 |    10 |       ||    15
       Scale mail        |       |    18 |     3 ||    21
       Plate armour      |       |       |    81 ||    81
Dodge: Dodged            |    42 |    41 |    51 ||   134
